AoeStats
← Atzelander

Black Forest

509345253Analyzed
4v4 RM · 4d ago on Sep 26, 2026· 57m 57s· 8 players
Game mode
Random Map
Map size
Large (8 player)
Population
200
Speed
Normal
Resources
Standard
Victory
Conquest
Starting age
Dark Age
Ending age
Imperial Age
RankedLock teamsTeams togetherTeam positionsShared explorationLock speedFull tech treeHidden civsTurbo modeCheats
Victory
Defeat
🇹🇼 Japanese · Taiwan
780
+11
🇵🇱 Wu · Poland
760
+11
🇨🇳 Wei · China
671
+15
🇨🇳 Khmer · China
667
+15
🇳🇱 Spanish · Netherlands
757
-16
🇮🇳 Britons · India
668
-14
🇳🇴 Franks · Norway
618
-12
🇩🇪 Britons · Germany
575
-10
bensigvald
0:35 Loom
14:16 Feudal Age
17:50 Wheelbarrow
17:01 Town Watch
17:34 Double-Bit Axe
22:36 Gold Mining
26:17 Castle Age
24:54 Stone Mining
28:18 Scale Barding Armor
28:14 Padded Archer Armor
28:15 Scale Mail Armor
28:26 Forging
28:06 Fletching
29:32 Bow Saw
33:07 Caravan
37:32 Hand Cart
40:15 Imperial Age
40:12 Fortified Wall
39:58 Murder Holes
41:18 Conscription
41:33 Chivalry
Atzelander
0:28 Loom
18:32 Feudal Age
25:38 Wheelbarrow
24:50 Town Watch
24:52 Double-Bit Axe
24:59 Gold Mining
25:01 Stone Mining
24:54 Horse Collar
25:20 Man-at-Arms
25:48 Arson
29:13 Castle Age
27:30 Forging
27:11 Fletching
27:21 Padded Archer Armor
27:21 Scale Mail Armor
27:27 Scale Barding Armor
27:52 Fishing Lines
30:11 Hand Cart
29:57 Town Patrol
30:11 Bow Saw
30:24 Caravan
31:08 Gold Shaft Mining
31:01 Heavy Plow
31:17 Fervor
31:40 Murder Holes
31:17 Long Swordsman
32:01 Squires
31:22 Pikeman
31:48 Gambesons
31:27 Crossbowman
31:28 Elite Skirmisher
31:39 Light Cavalry
32:20 Husbandry
32:44 Leather Archer Armor
32:25 Bodkin Arrow
32:28 Treadmill Crane
33:36 Ballistics
35:02 Yeomen
42:18 Imperial Age
39:49 Gillnets
41:10 Iron Casting
40:51 Chain Mail Armor
40:56 Chain Barding Armor
44:01 Chemistry
42:42 Elite Longbowman
44:13 Conscription
A11Wolv3rin3
0:44 Loom
15:27 Feudal Age
17:23 Fishing Lines
17:32 Double-Bit Axe
17:29 Horse Collar
21:10 Gold Mining
21:14 Stone Mining
28:20 Castle Age
31:42 Bow Saw
31:37 Heavy Plow
32:20 Gold Shaft Mining
31:41 Gillnets
32:41 Wheelbarrow
32:20 Forging
32:11 Scale Mail Armor
32:02 Fletching
32:12 Padded Archer Armor
31:41 Man-at-Arms
31:41 Pikeman
32:07 Gambesons
32:23 Squires
32:08 Arson
32:52 Caravan
33:58 Fortified Wall
36:32 Imperial Age
34:22 Hand Cart
34:30 Hand Cart
34:52 Ballistics
35:42 Iron Casting
35:22 Chain Mail Armor
35:03 Bodkin Arrow
35:23 Leather Archer Armor
35:21 Town Watch
37:14 Town Patrol
36:40 Long Swordsman
36:40 Halberdier
38:27 Blast Furnace
37:57 Plate Mail Armor
38:27 Two-Handed Swordsman
39:15 Bracer
39:46 Ring Archer Armor
41:06 Chemistry
40:02 Murder Holes
40:18 Masonry
39:47 Champion
39:55 Crossbowman
39:56 Elite Skirmisher
40:30 Arbalester
42:43 Two-Man Saw
42:29 Yeomen
42:10 Warwolf
42:33 Conscription
Catholic King ArmandoNL
0:25 Loom
12:34 Feudal Age
13:01 Horse Collar
13:07 Double-Bit Axe
23:08 Fishing Lines
25:44 Castle Age
27:12 Heavy Plow
27:27 Bow Saw
27:09 Stone Mining
27:09 Gold Mining
26:47 Elite Skirmisher
30:19 Fortified Wall
30:30 Ballistics
32:09 Wheelbarrow
31:20 Town Watch
33:03 Scale Barding Armor
32:59 Padded Archer Armor
32:50 Fletching
33:10 Forging
33:01 Scale Mail Armor
33:59 Hand Cart
35:52 Caravan
40:44 Imperial Age
40:33 Town Patrol
40:42 Thumb Ring
40:38 Husbandry
40:49 Bloodlines
39:59 Light Cavalry
40:02 Pikeman
40:03 Man-at-Arms
40:28 Gambesons
40:44 Squires
40:30 Arson
41:32 Chain Barding Armor
41:27 Chain Mail Armor
41:28 Leather Archer Armor
41:09 Bodkin Arrow
41:50 Iron Casting
42:16 Cavalier
42:20 Halberdier
43:40 Conscription
44:59 Murder Holes
44:50 Arrowslits
46:05 Chemistry
45:16 Masonry
45:38 Supremacy
46:28 Block Printing
46:34 Sanctity
46:24 Fervor
47:39 Plate Barding Armor
47:35 Plate Mail Armor
47:35 Ring Archer Armor
47:06 Bracer
48:12 Heavy Mounted Crossbowman
49:30 Architecture
48:32 Capped Ram
不動游星
12:13 Feudal Age
13:16 Double-Bit Axe
14:21 Fishing Lines
19:20 Castle Age
17:51 Horse Collar
22:35 Bow Saw
24:11 Gillnets
26:52 Heavy Plow
30:02 Wheelbarrow
32:49 Imperial Age
31:49 Hand Cart
31:35 Pikeman
32:16 Squires
32:01 Gambesons
32:27 Scale Mail Armor
32:27 Padded Archer Armor
32:18 Fletching
32:38 Forging
33:41 Thumb Ring
32:57 Elite Skirmisher
33:00 Halberdier
33:25 Arson
33:17 Capped Ram
37:09 Chain Mail Armor
36:50 Bodkin Arrow
37:30 Iron Casting
37:11 Leather Archer Armor
38:45 Conscription
39:31 Chemistry
38:44 Masonry
39:18 Bracer
40:56 Heavy Cavalry Archer
42:01 Parthian Tactics
44:08 Blast Furnace
43:39 Plate Mail Armor
43:40 Ring Archer Armor
57:42 Spies/Treason
58:46 Kataparuto
58:26 Yasama
57:47 Elite Samurai
59:03 Hoardings
59:09 Hoardings
Zielonidas
7:16 Loom
10:45 Feudal Age
11:11 Double-Bit Axe
15:03 Horse Collar
19:08 Castle Age
17:31 Stone Mining
18:07 Gold Mining
26:10 Bow Saw
27:33 Town Watch
27:51 Heavy Plow
28:01 Padded Archer Armor
29:23 Red Cliffs Tactics
29:16 Fletching
29:32 Fishing Lines
30:29 Leather Archer Armor
30:11 Bodkin Arrow
30:38 Ballistics
31:34 Wheelbarrow
32:15 Gold Shaft Mining
31:53 Masonry
31:39 Murder Holes
31:24 Treadmill Crane
32:07 Town Patrol
32:58 Hand Cart
32:56 Caravan
37:18 Imperial Age
37:17 Stone Shaft Mining
37:26 Elite Fire Archer
39:10 Chemistry
38:13 Bracer
38:58 Architecture
41:12 Sitting Tiger
51:56 Forging
51:52 Scale Barding Armor
52:15 Conscription
51:52 Heated Shot
55:08 Guard Tower
54:42 Onager
54:42 Heavy Scorpion
54:55 Spies/Treason
56:53 Conscription
57:44 Iron Casting
57:29 Chain Barding Armor
58:47 Keep
59:24 Two-Man Saw
AUFSTAND
0:44 Loom
12:16 Feudal Age
14:27 Double-Bit Axe
14:53 Town Watch
15:53 Scale Barding Armor
19:10 Wheelbarrow
22:21 Stone Mining
26:24 Castle Age
26:29 Gold Mining
28:30 Stone Shaft Mining
29:45 Chain Barding Armor
29:52 Husbandry
30:03 Bloodlines
33:40 Bow Saw
38:10 Imperial Age
37:42 Hand Cart
38:41 Town Patrol
41:00 Horse Collar
42:37 Conscription
42:19 Double Crossbow
44:46 Gold Shaft Mining
44:47 Stone Shaft Mining
47:09 Plate Barding Armor
46:48 Forging
49:22 Iron Casting
52:00 Blast Furnace
51:50 Tusk Swords
51:14 Elite Ballista Elephant
51:23 Elite Battle Elephant
Whth
1:47 Loom
11:16 Feudal Age
11:42 Double-Bit Axe
17:55 Castle Age
16:45 Horse Collar
21:43 Heavy Plow
21:55 Bow Saw
23:03 Wheelbarrow
23:16 Stone Mining
24:17 Hand Cart
25:26 Gold Mining
26:25 Ballistics
27:13 Treadmill Crane
31:06 Imperial Age
29:51 Fletching
30:01 Padded Archer Armor
30:16 Tuntian
30:32 Bodkin Arrow
31:29 Leather Archer Armor
31:28 Thumb Ring
31:21 Elite Skirmisher
32:21 Fortified Wall
32:44 Bracer
33:15 Ring Archer Armor
34:09 Chemistry
34:09 Masonry
34:55 Conscription
35:34 Gold Shaft Mining
35:39 Stone Shaft Mining
37:19 Forging
37:16 Scale Barding Armor
38:34 Husbandry
38:46 Bloodlines
39:43 Iron Casting
39:29 Chain Barding Armor
40:15 Ming Guang Armor
39:27 Heavy Hei Guang Cavalry
41:24 Blast Furnace
41:02 Crop Rotation
45:45 Elite Tiger Cavalry
Connection lost

Rejoining the realm…

Still unreachable

The connection could not be restored.

Session expired

The server has moved on; the page needs a fresh start.